 Dungeon Crawl Stone Soup version 0.30-a0-390-g80c34de65d (webtiles) character file.

Game seed: 9664462259114646258

94 zupo the Gusty (level 4, -6/34 HPs)
             Began as a Draconian Air Elementalist on Dec 5, 2022.
             Mangled by Sigmund
             ... wielding a +0 scythe
              (8 damage)
             ... on level 3 of the Dungeon.
             The game lasted 00:26:06 (2223 turns).

zupo the Gusty (Draconian Air Elementalist)         Turns: 2223, Time: 00:26:06

Health: -6/34      AC:  9    Str: 13    XL:     4   Next: 38%
Magic:  2/8        EV: 12    Int: 15    God:
Gold:   155        SH:  0    Dex: 11    Spells: 5/8 levels left

rFire   . . .      SeeInvis .    k - staff of conjuration
rCold   . . .      Faith    .    (no shield)
rNeg    . . .      Spirit   .    (body armour unavailable)
rPois   .          Reflect  .    (helmet restricted)
rElec   .          Harm     .    (no cloak)
rCorr   .          Rampage  .    (no gloves)
Will    .....                    (no boots)
Stlth   ++........               (no amulet)
HPRegen 0.25/turn                g - +4 ring of protection
MPRegen 0.11/turn                (no ring)

@: no status effects
A: AC +5, unfitting armour, cold-blooded
a: no special abilities


You were on level 3 of the Dungeon.
You visited 1 branch of the dungeon, and saw 3 of its levels.

You collected 155 gold pieces.

Inventory:

Hand Weapons
 c - a +0 spear
 l - a +1 whip of flaming
Missiles
 e - 4 javelins
Magical Staves
 k - a staff of conjuration (weapon)
Jewellery
 g - a +4 ring of protection (left hand)
Scrolls
 d - a scroll of teleportation
 o - a scroll of fear {unknown}
 p - a scroll of noise {unknown}
Potions
 a - 2 potions of magic
 b - 4 potions of curing
 f - a potion of ambrosia {unknown}
 h - 3 potions of brilliance
 i - a potion of mutation {unknown}
 j - 2 potions of haste
 m - a potion of heal wounds {unknown}
 n - a potion of attraction {unknown}
 q - a potion of berserk rage {unknown}
 s - a potion of flight {unknown}


   Skills:
 + Level 0.3 Fighting
 + Level 1.1 Staves
 + Level 2.2 Dodging
 + Level 1.8 Stealth
 + Level 0.5 Unarmed Combat
 + Level 2.8 Spellcasting
 + Level 1.6 Conjurations
 + Level 3.6 Air Magic


You had 5 spell levels left.
You knew the following spells:

 Your Spells              Type           Power      Damage    Failure   Level
a - Shock                 Conj/Air       60%        1d6       7%          1
b - Static Discharge      Conj/Air       30%        2-4/arc   11%         2

Your spell library contained the following spells:

 Spells                   Type           Power      Damage    Failure   Level
 Swiftness                Air            13%        N/A       14%         3
 Hailstorm                Conj/Ice       6%         3d4       41%         3
 Airstrike                Air            6%         2d(1-17)  41%         4
 Ice Form                 Ice/Tmut       2%         N/A       90%         4
 Simulacrum               Ice/Necr       1%         N/A       100%        6


Dungeon Overview and Level Annotations

Branches:
Dungeon (3/15)

Altars:
Kikubaaqudgha

Annotations:
D:3 Sigmund


Innate Abilities, Weirdness & Mutations

Your plain brown scales are hard. (AC +5)
You cannot fit into any form of body armour.
You are cold-blooded and may be slowed by cold attacks.


Message History

Nothing appears to happen.
Sigmund hits you from afar with a +0 scythe!
Casting: Shock (safe; 7% risk of failure)
Confirm with . or Enter, or press ? or * to list all spells.
You don't have enough magic to cast this spell.
Unknown command.
Sigmund points at you and mumbles some strange words.
You are confused.
You bump into the rock wall.
Sigmund closely misses you.
You bump into the rock wall.
You closely miss Sigmund.
Sigmund is heavily wounded.
Sigmund mumbles some strange words.
Sigmund flickers and vanishes!
Deactivating autopickup; reactivate with Ctrl-A.
You bump into the rock wall.
Something hits you!
You miss something.
Your tail-slap misses something.
Something hits you.
Your magical contamination has completely faded away.
You're too confused to move!
You feel less confused.
You miss something.
Your tail-slap misses something.
Something hits you.
Casting: Shock (safe; 7% risk of failure)
Confirm with . or Enter, or press ? or * to list all spells.
You can't see any susceptible monsters within range! (Use Z to cast anyway.) Unknown command.
You barely miss something. Something hits you.
* * * LOW HITPOINT WARNING * * *
You barely miss something.
Your tail-slap misses something.
Something hits you.
* * * LOW HITPOINT WARNING * * *
You barely miss something. You hit something. Something hits you.
* * * LOW HITPOINT WARNING * * *
You hit something.
Your tail-slap misses something.
Something hits you but does no damage.
You hit something.
You hear some strange, mumbled words.
Something tries to affect you, but you resist.
You hit something. Something hits you but does no damage.
You barely miss something. Something hits you!
You die...

#.# ##.##
#...#
###...###
#.......#
#.......#
#.......#
#.#...###
#@#.(.#
#{#####
#.# #.#
#.# #.#
#.# #.#


There were no monsters in sight!

Vanquished Creatures
  3 adders
  A worm (D:3)
  4 dart slugs
  4 endoplasms
  5 giant cockroaches
  4 goblins
  4 hobgoblins
  7 jackals (D:1)
  A quokka (D:1)
  A ball python (D:1)
  7 bats
  4 frilled lizards
  4 kobolds
  3 rats
52 creatures vanquished.

Notes
Turn   | Place    | Note
-------+----------+-------------------------------------------
     0 | D:1      | zupo the Draconian Air Elementalist began the quest for the
                  | Orb.
     0 | D:1      | Reached XP level 1. HP: 14/14 MP: 3/3
    82 | D:1      | Reached XP level 2. HP: 13/20 MP: 0/5
   759 | D:1      | Reached XP level 3. HP: 26/26 MP: 3/6
   849 | D:1      | Found a faded altar of an unknown god.
  1072 | D:2      | Learned a level 2 spell: Static Discharge
  1385 | D:2      | Reached skill level 1 in Staves
  1738 | D:3      | Found an ancient bone altar of Kikubaaqudgha.
  1752 | D:3      | Reached XP level 4. HP: 33/33 MP: 8/8
  2196 | D:3      | Noticed Sigmund
  2219 | D:3      | HP: 1/34 [something (6)]
  2223 | D:3      | Mangled by Sigmund

Illustrated notes

Levels and vault maps discovered:
D:1:      dpeg_arrival_shrine, layout_basic,
          hellmonk_ecumenical_altar_arch_garden
D:2:      layout_loops_cross
D:3:      minmay_bubble_buster, layout_loops_ring, general_overflow_altar,
          uniq_sigmund

Skill      XL: |  1  2  3 |
---------------+----------+-----
Dodging        | 2 |  2.2
Staves         | 1 |  1.1
Fighting       | |  0.3
Stealth        | |  1.8
Unarmed Combat | |  0.5
Spellcasting   | |  2.8
Conjurations   | |  1.6
Air Magic      | |  3.6

Action                   |  1- 3 |  4- 6 || total
-------------------------+-------+-------++-------
Melee: Unarmed           |    38 |       ||    38
       Tailslap          |    11 |     1 ||    12
       Dagger            |     9 |       ||     9
       Mace              |     8 |       ||     8
       Staff             |    27 |    35 ||    62
 Cast: Shock             |    56 |    19 ||    75
       Static Discharge  |     2 |     2 ||     4
  Use: Scroll            |     5 |     1 ||     6
 Stab: Sleeping          |     1 |       ||     1
Armor: Skin              |    53 |    15 ||    68
Dodge: Dodged            |   116 |    28 ||   144

Table legend: (Time is in decaauts)
 A = Elapsed time spent in this place.
 B = Non-inter-level travel time spent in this place.
 C = Inter-level travel time spent in this place.
 D = Time resting spent in this place.
 E = Time spent auto-exploring this place.
 F = Levels seen in this place.
 G = Mean time per level.
                   A        B        C        D        E       F      G
               +--------+--------+--------+--------+--------+-----+--------+
         Total |   2236 |   2116 |    120 |      0 |     14 |   3 |  745.3 |
       Dungeon |   2236 |   2116 |    120 |      0 |     14 |   3 |  745.3 |
               +--------+--------+--------+--------+--------+-----+--------+

Top non-repeatable levels by time:
     D:1: 1029 daAuts
     D:2: 652 daAuts
     D:3: 555 daAuts
